Map: Frozen Temple

Players

Fropez

  • Race: Protoss Protoss
  • League: Silver
  • Spawn Location: 5:00

Rhombus - Winner!

  • Race: Protoss Protoss
  • League: Silver
  • Spawn Location: 11:00

VOD

Have the link to the VOD?

Description

Time

  • Played on: May 16, 2016, 2:59 p.m.
  • Length: 8:46
Show
View Real Time Build Order
Export as new Build Order

Fropez Protoss 

Build Orders:  

Get SALT Encoding   

  12  0:04  Probe (Chrono Boost)  
  13  0:19  Pylon  
  13  0:30  Probe (Chrono Boost)  
  14  0:46  Gateway  
  14  1:19  Pylon  
  14  1:21  Gateway  
  14  1:33  Zealot (Chrono Boost)  
  15  1:42  Probe  
  16  2:02  Pylon, Probe  
  16  2:06  Assimilator  
  17  2:09  Zealot (Chrono Boost)  
  17  2:10  Assimilator  
  17  2:11  Pylon  
  17  2:13  Zealot (Chrono Boost)  
  21  2:25  Cybernetics Core  
  21  2:26  Probe  
  22  2:38  Probe  
  24  3:00  Pylon  
  24  3:03  Mothership Core (Chrono Boost)  
  24  3:04  Warp Gate (Chrono Boost)  
  25  3:22  Probe (Chrono Boost)  
  22  3:38  Probe (Chrono Boost)  
  23  3:50  Probe  
  22  3:58  Adept  
  22  3:59  Adept  
  22  4:02  Probe  
  27  4:08  Forge  
  27  4:14  Probe  
  28  4:24  Pylon  
  28  4:34  Probe  
  29  4:42  Protoss Ground Weapons Level 1 (Chrono Boost)  
  29  4:52  Probe  
  30  5:06  Stalker x2  
  34  5:16  Gateway  
  34  5:21  Gateway  
  35  5:28  Pylon, Probe  
  35  5:32  Stalker  
  35  5:33  Stalker  
  39  6:08  Robotics Facility  
  39  6:13  Twilight Council, Stalker x2  
  39  6:15  Probe  
  44  6:37  Probe  
  45  6:49  Nexus, Probe  
  45  6:54  Stalker  
  48  6:56  Stalker  
  46  7:15  Pylon  
  46  7:21  Photon Cannon  
  36  7:32  Zealot x3  
  36  7:33  Zealot  
  37  7:52  Mothership Core  
  37  7:55  Observer  
  39  8:02  Probe  
  40  8:13  Probe  
  41  8:27  Probe x2  
  41  8:33  Pylon  
Show
View Real Time Build Order
Export as new Build Order

Rhombus Protoss - Winner!

Build Orders:  

Get SALT Encoding   

  12  0:03  Probe (Chrono Boost)  
  14  0:14  Probe (Chrono Boost)  
  14  0:21  Pylon  
  14  0:24  Probe (Chrono Boost)  
  15  0:39  Probe (Chrono Boost)  
  16  0:49  Probe (Chrono Boost)  
  17  1:00  Probe (Chrono Boost)  
  18  1:07  Pylon  
  18  1:12  Nexus  
  18  1:15  Probe (Chrono Boost)  
  19  1:26  Probe (Chrono Boost)  
  19  1:29  Gateway  
  20  1:38  Probe (Chrono Boost)  
  20  1:48  Probe (Chrono Boost), Gateway  
  20  1:53  Pylon  
  21  1:59  Probe (Chrono Boost)  
  22  2:06  Assimilator  
  22  2:09  Probe (Chrono Boost)  
  22  2:12  Assimilator  
  23  2:20  Probe (Chrono Boost)  
  23  2:22  Zealot  
  26  2:27  Probe (Chrono Boost)  
  27  2:31  Probe (Chrono Boost)  
  27  2:32  Cybernetics Core  
  28  2:37  Probe (Chrono Boost)  
  28  2:41  Probe (Chrono Boost)  
  28  2:42  Zealot  
  32  2:48  Probe (Chrono Boost)  
  33  2:52  Probe (Chrono Boost)  
  33  2:57  Pylon  
  35  2:58  Probe (Chrono Boost)  
  35  3:02  Probe (Chrono Boost)  
  35  3:04  Zealot  
  38  3:07  Probe (Chrono Boost)  
  38  3:10  Warp Gate (Chrono Boost)  
  39  3:13  Probe  
  39  3:22  Probe, Zealot  
  39  3:25  Probe  
  39  3:33  Probe  
  38  3:37  Probe, Stalker  
  42  3:43  Probe  
  42  3:45  Pylon  
  43  3:49  Probe, Assimilator  
  43  3:51  Sentry, Assimilator  
  43  3:54  Probe  
  47  4:03  Probe  
  47  4:07  Probe, Zealot  
  51  4:15  Probe  
  52  4:18  Probe  
  52  4:21  Pylon  
  53  4:25  Zealot  
  53  4:27  Probe  
  53  4:28  Probe  
  57  4:33  Gateway  
  57  4:35  Gateway  
  57  4:38  Pylon  
  57  4:39  Probe x2  
  59  4:49  Probe  
  59  4:52  Probe  
  61  5:04  Nexus  
  61  5:07  Pylon  
  61  5:11  Probe x2  
  63  5:15  Zealot  
  63  5:16  Zealot  
  67  5:23  Probe x2  
  69  5:35  Probe x2  
  70  5:40  Zealot  
  70  5:41  Sentry, Stalker x2  
  79  5:47  Probe x2  
  81  5:54  Forge x2  
  81  5:55  Pylon  
  81  6:00  Robotics Facility x2  
  81  6:02  Pylon, Probe x2  
  83  6:05  Sentry  
  85  6:14  Pylon  
  85  6:17  Pylon  
  85  6:20  Stalker x2  
  85  6:21  Stalker  
  91  6:26  Probe  
  91  6:27  Probe  
  91  6:28  Probe  
  92  6:38  Protoss Ground Weapons Level 1 (Chrono Boost), Protoss Ground Armor Level 1 (Chrono Boost)  
  92  6:40  Twilight Council  
  92  6:48  Immortal x2  
  100  7:04  Stalker x4  
  100  7:08  Probe  
  108  7:09  Probe x2  
  99  7:33  Immortal x2  
  99  7:35  Probe, Assimilator  
  99  7:36  Probe x2  
  100  7:38  Assimilator  
  98  8:03  Gateway  
  98  8:07  Pylon  
  106  8:23  Probe  
  106  8:24  Nexus, Probe x2  
  106  8:26  Assimilator  
  109  8:28  Assimilator  
  109  8:33  Pylon  
  109  8:35  Pylon  
Tags
 
Matchup
PvP
Replay Pack
All Mines
Spawn Locations
Cross Positions
Add a new tag
Caveats
  • Supply blocks, unpowered buildings, or Contaminate may cause inaccurate times.
  • Supply counts are checked every 10 seconds.